AoeStats
← schmeno

Arena

509740362Analyzed
2v2 RM · 5d ago on Sep 27, 2026· 50m 58s· 4 players
Game mode
Random Map
Map size
Medium (4 player)
Population
200
Speed
Normal
Resources
Standard
Victory
Conquest
Starting age
Dark Age
Ending age
Imperial Age
RankedLock teamsTeams togetherTeam positionsShared explorationLock speedFull tech treeHidden civsTurbo modeCheats
Victory
Defeat
🇦🇷 Bohemians · Argentina
1115
+15
🇩🇪 Franks · Germany
1114
+15
🇺🇸 Saxons · United States
1170
-18
🇺🇸 Saxons · United States
1028
-12
schmeno
10:07 Feudal Age
11:49 Loom
15:10 Castle Age
13:19 Double-Bit Axe
14:13 Horse Collar
16:16 Bow Saw
20:40 Gold Mining
20:44 Town Watch
21:43 Sanctity
22:20 Wheelbarrow
22:12 Stone Mining
24:13 Redemption
28:26 Imperial Age
27:29 Ballistics
27:04 Fletching
27:12 Guard Tower
28:09 Hand Cart
27:32 Clerical Recruitment
28:39 Forging
28:45 Bodkin Arrow
28:35 Treadmill Crane
29:56 Block Printing
30:16 Scale Mail Armor
30:14 Gambesons
31:48 Chemistry
30:47 Arrowslits
31:05 Bracer
32:18 Chain Mail Armor
33:29 Iron Casting
34:13 Theocracy
34:48 Keep
35:01 Illumination
35:35 Siege Engineers
35:40 Masonry
35:34 Elite Varangian Guard
37:06 Murder Holes
38:43 Plate Mail Armor
45:52 Padded Archer Armor
46:22 Crossbowman
47:07 Thumb Ring
47:22 Leather Archer Armor
47:12 Arbalester
Simon Nelson Cook
10:28 Feudal Age
14:46 Castle Age
13:03 Double-Bit Axe
13:45 Horse Collar
14:06 Fletching
15:37 Bodkin Arrow
20:33 Bow Saw
20:47 Loom
27:28 Ballistics
30:43 Imperial Age
28:38 Scale Mail Armor
29:13 Redemption
30:15 Forging
30:21 Chain Mail Armor
30:15 Squires
30:03 Gambesons
31:38 Murder Holes
31:20 Clerical Recruitment
34:21 Shield Wall
35:03 Elite Skirmisher
36:59 Elite Varangian Guard
38:56 Guard Tower
45:55 Plate Mail Armor
46:01 Iron Casting
zeromaster
12:09 Feudal Age
13:50 Double-Bit Axe
16:38 Castle Age
22:06 Bow Saw
23:37 Loom
26:32 Gold Mining
28:17 Wheelbarrow
28:31 Gold Shaft Mining
28:00 Stone Mining
29:24 Hand Cart
31:44 Imperial Age
30:00 Scale Barding Armor
30:05 Forging
30:20 Husbandry
29:40 Light Cavalry
31:29 Iron Casting
31:58 Chain Barding Armor
31:45 Cavalier
33:27 Blast Furnace
33:16 Plate Barding Armor
32:48 Heavy Scorpion
33:20 Paladin
35:37 Chemistry
34:58 Ballistics
38:22 Siege Engineers
diegolinsc
0:35 Loom
11:08 Feudal Age
11:39 Double-Bit Axe
12:55 Horse Collar
18:13 Castle Age
16:59 Padded Archer Armor
19:37 Heavy Plow
19:54 Bow Saw
20:44 Fervor
25:07 Wheelbarrow
26:36 Chemistry
26:50 Hand Cart
31:20 Imperial Age
29:06 Town Watch
30:49 Leather Archer Armor
30:36 Squires
29:58 Pikeman
37:43 Elite Skirmisher
39:35 Two-Man Saw
39:45 Fletching
40:26 Ring Archer Armor
41:52 Ballistics
41:38 Siege Engineers
43:08 Bodkin Arrow
43:23 Houfnice
45:39 Conscription
45:44 Bracer
49:08 Scale Mail Armor
49:18 Forging
49:40 Halberdier
50:50 Chain Mail Armor
50:48 Masonry
Connection lost

Rejoining the realm…

Still unreachable

The connection could not be restored.

Session expired

The server has moved on; the page needs a fresh start.